| TOP OF THE 1ST |
|
Winnipeg Goldeyes batting - Pitching for New Jersey Devils : RHP Mark Johnson
|
|
Pitching: RHP Mark Johnson
|
|
|
Batting: RHB Mike Berzins
|
0-0: Called Strike 0-1: Foul Ball, location: 2F 0-2: Ball 1-2: Fly out, F8 (Flyball, 8RM, EV 87.5 MPH)
|
|
Batting: RHB Settan Nakamura
|
0-0: Called Strike 0-1: Ball 1-1: Ball 2-1: Ball 3-1: Swinging Strike 3-2: Foul Ball, location: 2F 3-2: Base on Balls
|
|
Batting: RHB Terry Oetker
|
0-0: Called Strike 0-1: Fly out, F7 (Flyball, 78D, EV 88.8 MPH)
|
|
Batting: RHB Mitsuhiro Kobayashi
|
0-0: Ball 1-0: Called Strike 1-1: Foul Ball, location: 2F 1-2: Ground out 6-3 (Groundball, 6S, EV 90.0 MPH)
|
| Top of the 1st over - 0 runs, 0 hits, 0 errors, 1 left on base; Winnipeg 0 - New Jersey 0 |
| BOTTOM OF THE 1ST |
|
New Jersey Devils batting - Pitching for Winnipeg Goldeyes : RHP Chi-young Chuko
|
|
Pitching: RHP Chi-young Chuko
|
|
|
Batting: LHB Randolph Brodbeck
|
0-0: Swinging Strike 0-1: Foul Ball, location: 2F 0-2: Ball 1-2: SINGLE (Groundball, 34S, EV 65.0 MPH) (infield hit)
|
|
Batting: RHB Sergio Andrada
|
0-0: Fielders Choice at 2nd, 4-6 (Groundball, 4M, EV 102.5 MPH)
|
|
Batting: RHB Warren Carmichael
|
0-0: Ball 1-0: Swinging Strike 1-1: SINGLE (Flyball, 4MD, EV 88.8 MPH) Sergio Andrada to second
|
|
Batting: RHB Jacob Olander
|
0-0: Foul Ball, location: 2F 0-1: Called Strike 0-2: Ball 1-2: Ball 2-2: Strikes out swinging
|
|
Batting: LHB Rick Vallis
|
0-0: Ball 1-0: Foul Ball, location: 2F 1-1: Hit by Pitch Sergio Andrada to third Warren Carmichael to second
|
|
Batting: SHB Ernesto Mazas
|
0-0: Called Strike 0-1: Foul Ball, location: 2F 0-2: Strikes out swinging
|
| Bottom of the 1st over - 0 runs, 2 hits, 0 errors, 3 left on base; Winnipeg 0 - New Jersey 0 |
| TOP OF THE 2ND |
|
Winnipeg Goldeyes batting - Pitching for New Jersey Devils : RHP Mark Johnson
|
|
Batting: RHB Alejandro de Jesus
|
0-0: Ground out 1-3 (Groundball, 15, EV 68.8 MPH)
|
|
Batting: RHB Ned Scovell
|
0-0: Foul Ball, location: 2F 0-1: Ball 1-1: Swinging Strike 1-2: Foul Ball, location: 2F 1-2: Foul Ball, location: 2F 1-2: Ball 2-2: Ball 3-2: Ground out U3 (Groundball, 34, EV 96.9 MPH)
|
|
Batting: RHB Calvin Day
|
0-0: Called Strike 0-1: Ball 1-1: Swinging Strike 1-2: Ball 2-2: Strikes out swinging
|
| Top of the 2nd over - 0 runs, 0 hits, 0 errors, 0 left on base; Winnipeg 0 - New Jersey 0 |
| BOTTOM OF THE 2ND |
|
New Jersey Devils batting - Pitching for Winnipeg Goldeyes : RHP Chi-young Chuko
|
|
Batting: RHB Craig Alvarado
|
0-0: Called Strike 0-1: Called Strike 0-2: Foul Ball, location: 2F 0-2: Ball 1-2: Ball 2-2: Ground out 1-3 (Groundball, 15S, EV 72.5 MPH)
|
|
Batting: RHB Oscar Ramirez
|
0-0: Ball 1-0: Fly out, F9 (Flyball, 9, EV 88.8 MPH)
|
|
Batting: LHB Matt Reynolds
|
0-0: Fly out, F8 (Flyball, 8RS, EV 70.0 MPH)
|
| Bottom of the 2nd over - 0 runs, 0 hits, 0 errors, 0 left on base; Winnipeg 0 - New Jersey 0 |
| TOP OF THE 3RD |
|
Winnipeg Goldeyes batting - Pitching for New Jersey Devils : RHP Mark Johnson
|
|
Batting: RHB Andy Valenzuela
|
0-0: Called Strike 0-1: Ground out 4-3 (Groundball, 4, EV 108.1 MPH)
|
|
Batting: RHB Ricky Saucedo
|
0-0: Called Strike 0-1: SOLO HOME RUN (Flyball, 7LD, EV 96.2 MPH), Distance : 364 ft
|
|
Batting: RHB Mike Berzins
|
0-0: Called Strike 0-1: Ball 1-1: Called Strike 1-2: Ball 2-2: SINGLE (Groundball, 6MD, EV 111.2 MPH)
|
|
Batting: RHB Settan Nakamura
|
0-0: Grounds into double play, 6-4-3 (Groundball, 6M, EV 90.0 MPH)
|
| Top of the 3rd over - 1 run, 2 hits, 0 errors, 0 left on base; Winnipeg 1 - New Jersey 0 |
| BOTTOM OF THE 3RD |
|
New Jersey Devils batting - Pitching for Winnipeg Goldeyes : RHP Chi-young Chuko
|
|
Batting: LHB Randolph Brodbeck
|
0-0: Ball 1-0: Fly out, F7 (Flyball, 7, EV 85.6 MPH)
|
|
Batting: RHB Sergio Andrada
|
0-0: Called Strike 0-1: Ball 1-1: Ball 2-1: Called Strike 2-2: Ball 3-2: Foul Ball, location: 2F 3-2: Strikes out swinging
|
|
Batting: RHB Warren Carmichael
|
0-0: Ball 1-0: SOLO HOME RUN (Flyball, 78XD, EV 108.8 MPH), Distance : 417 ft
|
|
Batting: RHB Jacob Olander
|
0-0: Swinging Strike 0-1: Foul Ball, location: 2F 0-2: Foul Ball, location: 2F 0-2: Ball 1-2: Foul Ball, location: 2F 1-2: Ball 2-2: Strikes out looking
|
| Bottom of the 3rd over - 1 run, 1 hit, 0 errors, 0 left on base; Winnipeg 1 - New Jersey 1 |
| TOP OF THE 4TH |
|
Winnipeg Goldeyes batting - Pitching for New Jersey Devils : RHP Mark Johnson
|
|
Batting: RHB Terry Oetker
|
0-0: Ball 1-0: Called Strike 1-1: Ball 2-1: Foul Ball, location: 2F 2-2: Ball 3-2: Base on Balls
|
|
Batting: RHB Mitsuhiro Kobayashi
|
0-0: Ball 1-0: SINGLE (Groundball, 15S, EV 66.9 MPH) (infield hit) Terry Oetker to second
|
|
Batting: RHB Alejandro de Jesus
|
0-0: Ball 1-0: Swinging Strike 1-1: Fly out, F9 (Line Drive, 9, EV 87.5 MPH)
|
|
Batting: RHB Ned Scovell
|
0-0: Called Strike 0-1: Foul Ball, location: 2F 0-2: Strikes out swinging
|
|
Batting: RHB Calvin Day
|
0-0: Ball 1-0: Foul Ball, location: 2F 1-1: Swinging Strike 1-2: Foul Ball, location: 2F 1-2: Foul Ball, location: 2F 1-2: Ball 2-2: Ground out 4-3 (Groundball, 4D, EV 76.9 MPH)
|
| Top of the 4th over - 0 runs, 1 hit, 0 errors, 2 left on base; Winnipeg 1 - New Jersey 1 |
| BOTTOM OF THE 4TH |
|
New Jersey Devils batting - Pitching for Winnipeg Goldeyes : RHP Chi-young Chuko
|
|
Batting: LHB Rick Vallis
|
0-0: Ball 1-0: Called Strike 1-1: Foul Ball, location: 2F 1-2: Strikes out looking
|
|
Batting: SHB Ernesto Mazas
|
0-0: Ball 1-0: Ball 2-0: Ball 3-0: Called Strike 3-1: Foul Ball, location: 2F 3-2: Foul Ball, location: 2F 3-2: Ground out U3 (Groundball, 3, EV 103.1 MPH)
|
|
Batting: RHB Craig Alvarado
|
0-0: Ball 1-0: Ball 2-0: Ball 3-0: Called Strike 3-1: Called Strike 3-2: Base on Balls
|
|
Batting: RHB Oscar Ramirez
|
0-0: Foul Ball, location: 2F 0-1: Called Strike 0-2: Ball 1-2: Strikes out swinging
|
| Bottom of the 4th over - 0 runs, 0 hits, 0 errors, 1 left on base; Winnipeg 1 - New Jersey 1 |
| TOP OF THE 5TH |
|
Winnipeg Goldeyes batting - Pitching for New Jersey Devils : RHP Mark Johnson
|
|
Batting: RHB Andy Valenzuela
|
0-0: Ball 1-0: Foul Ball, location: 2F 1-1: Fly out, F9 (Flyball, 9S, EV 88.8 MPH)
|
|
Batting: RHB Ricky Saucedo
|
0-0: Swinging Strike 0-1: Foul Ball, location: 2F 0-2: Ball 1-2: Foul Ball, location: 2F 1-2: Strikes out swinging
|
|
Batting: RHB Mike Berzins
|
0-0: Swinging Strike 0-1: Fly out, F8 (Flyball, 78S, EV 81.2 MPH)
|
| Top of the 5th over - 0 runs, 0 hits, 0 errors, 0 left on base; Winnipeg 1 - New Jersey 1 |
| BOTTOM OF THE 5TH |
|
New Jersey Devils batting - Pitching for Winnipeg Goldeyes : RHP Chi-young Chuko
|
|
Batting: LHB Matt Reynolds
|
0-0: Ball 1-0: Ball 2-0: Fly out, F8 (Line Drive, 8RD, EV 97.5 MPH)
|
|
Batting: LHB Randolph Brodbeck
|
0-0: Called Strike 0-1: Swinging Strike 0-2: Ball 1-2: Strikes out swinging
|
|
Batting: RHB Sergio Andrada
|
0-0: Called Strike 0-1: Called Strike 0-2: Ball 1-2: Ground out 4-3 (Groundball, 4, EV 105.0 MPH)
|
| Bottom of the 5th over - 0 runs, 0 hits, 0 errors, 0 left on base; Winnipeg 1 - New Jersey 1 |
| TOP OF THE 6TH |
|
Winnipeg Goldeyes batting - Pitching for New Jersey Devils : RHP Mark Johnson
|
|
Batting: RHB Settan Nakamura
|
0-0: Foul Ball, location: 2F 0-1: Ball 1-1: Ball 2-1: Ground out 6-3 (Groundball, 6, EV 87.5 MPH)
|
|
Batting: RHB Terry Oetker
|
0-0: Ball 1-0: Called Strike 1-1: Called Strike 1-2: Fly out, F8 (Flyball, 8LM, EV 87.5 MPH)
|
|
Batting: RHB Mitsuhiro Kobayashi
|
0-0: Ball 1-0: Foul Ball, location: 2F 1-1: Foul Ball, location: 2F 1-2: Ball 2-2: Ball 3-2: Ground out 5-3 (Groundball, 56, EV 82.5 MPH)
|
| Top of the 6th over - 0 runs, 0 hits, 0 errors, 0 left on base; Winnipeg 1 - New Jersey 1 |
| BOTTOM OF THE 6TH |
|
New Jersey Devils batting - Pitching for Winnipeg Goldeyes : RHP Chi-young Chuko
|
|
Batting: RHB Warren Carmichael
|
0-0: Called Strike 0-1: Ground out 5-3 (Groundball, 56, EV 103.8 MPH)
|
|
Batting: RHB Jacob Olander
|
0-0: Ball 1-0: Foul Ball, location: 2F 1-1: Ball 2-1: Fly out, F7 (Flyball, 7D, EV 100.0 MPH)
|
|
Batting: LHB Rick Vallis
|
0-0: Ball 1-0: Foul Ball, location: 2F 1-1: Ball 2-1: Ball 3-1: Swinging Strike 3-2: SOLO HOME RUN (Line Drive, 8RXD, EV 113.8 MPH), Distance : 443 ft
|
|
Batting: SHB Ernesto Mazas
|
0-0: Swinging Strike 0-1: SOLO HOME RUN (Flyball, 9LD, EV 94.4 MPH), Distance : 365 ft
|
|
Batting: RHB Craig Alvarado
|
0-0: Ball 1-0: Called Strike 1-1: Foul Ball, location: 2F 1-2: Ball 2-2: Foul Ball, location: 2F 2-2: Ball 3-2: SINGLE (Line Drive, 9LS, EV 110.6 MPH)
|
|
Pitching: RHP Gregg Edwards
|
|
|
Batting: RHB Oscar Ramirez
|
0-0: Ball 1-0: SINGLE (Groundball, 6D, EV 106.9 MPH) Craig Alvarado to second Runner from 2nd tries for 3rd, OUT! 8-5
|
| Bottom of the 6th over - 2 runs, 4 hits, 0 errors, 1 left on base; Winnipeg 1 - New Jersey 3 |
| TOP OF THE 7TH |
|
Winnipeg Goldeyes batting - Pitching for New Jersey Devils : RHP Mark Johnson
|
|
Batting: RHB Alejandro de Jesus
|
0-0: Ball 1-0: Swinging Strike 1-1: Called Strike 1-2: Ball 2-2: Ball 3-2: Foul Ball, location: 2F 3-2: Foul Ball, location: 2F 3-2: Base on Balls
|
|
Batting: RHB Ned Scovell
|
0-0: Ball Alejandro de Jesus is caught stealing 2nd base 2-4 1-0: Foul Ball, location: 2F 1-1: Ball 2-1: Swinging Strike 2-2: Fly out, F8 (Flyball, 8RD, EV 101.9 MPH)
|
|
Batting: RHB Calvin Day
|
0-0: Called Strike 0-1: SINGLE (Flyball, 34D, EV 86.2 MPH)
|
|
Batting: RHB Andy Valenzuela
|
0-0: Foul Ball, location: 2F 0-1: Foul Ball, location: 2F 0-2: Strikes out looking
|
| Top of the 7th over - 0 runs, 1 hit, 0 errors, 1 left on base; Winnipeg 1 - New Jersey 3 |
| BOTTOM OF THE 7TH |
|
New Jersey Devils batting - Pitching for Winnipeg Goldeyes : RHP Gregg Edwards
|
|
Batting: LHB Matt Reynolds
|
0-0: Called Strike 0-1: Called Strike 0-2: Ball 1-2: DOUBLE (Groundball, 3L, EV 109.4 MPH)
|
|
Batting: LHB Randolph Brodbeck
|
0-0: Foul Ball, location: 2F 0-1: Ball 1-1: Ball 2-1: Called Strike 2-2: Ball 3-2: Base on Balls
|
|
Batting: RHB Sergio Andrada
|
0-0: Bunted foul 0-1: Ball 1-1: Bunted foul 1-2: Foul Ball, location: 2F 1-2: Fielders Choice at 2nd, 5-4 (Groundball, 56S, EV 83.1 MPH) Matt Reynolds to third
|
|
Batting: RHB Warren Carmichael
|
0-0: Ball 1-0: Fly out, F9 (Flyball, 9S, EV 87.5 MPH)
|
|
Batting: RHB Jacob Olander
|
0-0: Foul Ball, location: 2F 0-1: Ball 1-1: Ball 2-1: Ball 3-1: Base on Balls Sergio Andrada to second
|
|
Batting: LHB Rick Vallis
|
0-0: Ball 1-0: Ball 2-0: Ball 3-0: Called Strike 3-1: Base on Balls Matt Reynolds scores Sergio Andrada to third Jacob Olander to second
|
|
Batting: SHB Ernesto Mazas
|
0-0: Called Strike 0-1: Called Strike 0-2: Strikes out swinging
|
| Bottom of the 7th over - 1 run, 1 hit, 0 errors, 3 left on base; Winnipeg 1 - New Jersey 4 |
| TOP OF THE 8TH |
|
Winnipeg Goldeyes batting - Pitching for New Jersey Devils : RHP Mark Johnson
|
|
Batting: RHB Ricky Saucedo
|
0-0: Fly out, F8 (Flyball, 78M, EV 85.6 MPH)
|
|
Pinch Hitting: LHB Dave Bertheau
|
0-0: Called Strike 0-1: Ball 1-1: Foul Ball, location: 2F 1-2: Ball 2-2: Ground out 4-3 (Groundball, 4, EV 79.4 MPH)
|
|
Pinch Hitting: SHB Victor Turrubiate
|
0-0: Foul Ball, location: 2F 0-1: Ball 1-1: Swinging Strike 1-2: Strikes out looking
|
| Top of the 8th over - 0 runs, 0 hits, 0 errors, 0 left on base; Winnipeg 1 - New Jersey 4 |
| BOTTOM OF THE 8TH |
|
New Jersey Devils batting - Pitching for Winnipeg Goldeyes : RHP Gregg Edwards
|
|
Pitching: RHP Curtis Melchert
|
|
|
Now at 2B: Ned Scovell
|
|
|
Now in LF: Dave Bertheau
|
|
|
Now in CF: Yu-zeng Mai
|
|
|
Batting: RHB Craig Alvarado
|
0-0: Ball 1-0: Ball 2-0: Ball 3-0: Base on Balls
|
|
Batting: RHB Oscar Ramirez
|
0-0: Foul Ball, location: 2F 0-1: Sac Bunt to 23 - play at first, batter OUT! 3-4 Craig Alvarado to second
|
|
Batting: LHB Matt Reynolds
|
0-0: Called Strike 0-1: Ball 1-1: Ball 2-1: Ground out 4-3 (Groundball, 4, EV 109.4 MPH) Craig Alvarado to third
|
|
Batting: LHB Randolph Brodbeck
|
0-0: Foul Ball, location: 2F 0-1: Called Strike 0-2: Ball 1-2: Ball 2-2: Strikes out swinging
|
| Bottom of the 8th over - 0 runs, 0 hits, 0 errors, 1 left on base; Winnipeg 1 - New Jersey 4 |
| TOP OF THE 9TH |
|
Winnipeg Goldeyes batting - Pitching for New Jersey Devils : RHP Mark Johnson
|
|
Pitching: RHP Ken Tayo
|
|
|
Batting: RHB Terry Oetker
|
0-0: Ball 1-0: SINGLE (Line Drive, 8LS, EV 106.9 MPH)
|
|
Batting: RHB Mitsuhiro Kobayashi
|
0-0: Foul Ball, location: 2F 0-1: Ball 1-1: Ball 2-1: Swinging Strike 2-2: Ball 3-2: Base on Balls Terry Oetker to second
|
|
Pinch Hitting: RHB Itocravo Arrochela
|
0-0: Swinging Strike 0-1: Called Strike 0-2: Ball 1-2: Foul Ball, location: 2F 1-2: Ball 2-2: Foul Ball, location: 2F 2-2: Fly out, F8 (Flyball, 8RD, EV 95.0 MPH)
|
|
Batting: RHB Ned Scovell
|
0-0: Fly out, F4 (Popup, 34, EV 54.4 MPH)
|
|
Batting: RHB Calvin Day
|
0-0: Foul Ball, location: 2F 0-1: Ball 1-1: Fly out, F7 (Flyball, 7D, EV 104.4 MPH)
|
| Top of the 9th over - 0 runs, 1 hit, 0 errors, 2 left on base; Winnipeg 1 - New Jersey 4 |
|